 Dungeon Crawl Stone Soup version 0.22-a0-538-g76cc104 (webtiles) character file.

89 kae the Insei (level 4, 0/33 HPs)
             Began as a Demonspawn Transmuter on June 23, 2018.
             Slain by a goblin
             ... wielding a +0 club
             ... led by Robin
              (1 damage)
             ... on level 2 of the Dungeon.
             The game lasted 00:01:17 (1386 turns).

kae the Insei (Demonspawn Transmuter)               Turns: 1386, Time: 00:01:18

Health: 0/33       AC: 11    Str:  9 (10) XL:     4   Next: 31%
Magic:  7/7        EV:  4    Int: 13 (14) God:
Gold:   92         SH:  0    Dex: 14 (15) Spells: 1/7 levels left

rFire    . . .     SeeInvis .     - Unarmed
rCold    + . .     Gourm    .   (no shield)
rNeg     . . .     Faith    .   o - +3 chain mail {rC+}
rPois    .         Spirit   .   (no helmet)
rElec    .         Reflect  .   (no cloak)
rCorr    .         Harm     .   (no gloves)
MR       .....                  (no boots)
Stlth    ..........             (no amulet)
HPRegen  0.11/turn              (no ring)
MPRegen  0.10/turn              (no ring)

@: flying
A: claws 1, rot immunity
a: no special abilities


You were on level 2 of the Dungeon.
You were not hungry.

You visited 1 branch of the dungeon, and saw 2 of its levels.

You collected 92 gold pieces.

Inventory:

Missiles
 a - 54 arrows
Armour
 b - a +0 robe
 j - a +0 leather armour
 o - a +3 chain mail of cold resistance (worn)
Jewellery
 n - an uncursed ring of poison resistance {unknown}
Scrolls
 c - a scroll of enchant armour {unknown}
 e - 2 scrolls of teleportation {unknown}
 h - a scroll of magic mapping {unknown}
 m - 2 scrolls of identify {unknown}
Potions
 g - a potion of degeneration
 k - a potion of curing {unknown}
 p - a potion of resistance {unknown}
Comestibles
 d - 3 rations


   Skills:
 + Level 1.8 Fighting
 + Level 0.6 Armour
 - Level 1.7 Dodging
 * Level 3.4 Unarmed Combat
 + Level 2.4 Spellcasting
 * Level 2.7 Transmutations


You had one spell level left.
You knew the following spells:

 Your Spells              Type           Power        Failure   Level  Hunger
a - Beastly Appendage     Tmut           #.....       100%        1    #......
b - Sticks to Snakes      Tmut           #.......     100%        2    ###....
c - Spider Form           Tmut/Pois      #.........   100%        3    ###....

Your spell library contained the following spells:

 Spells                   Type           Power        Failure   Level  Hunger
 Blade Hands              Tmut           #.........   100%        5    ######.
 Ice Form                 Ice/Tmut       #.......     100%        4    #####..


Dungeon Overview and Level Annotations

Branches:
Dungeon (2/15)

Altars:

Annotations:
D:2 Robin


Innate Abilities, Weirdness & Mutations

You have sharp fingernails.
You are immune to rotting.


Message History

It was a potion of cancellation.
You feel magically purged.
A goblin comes into view. It is wielding a club.
Robin throws the goblin at you! The orc hits you but does no damage.
The goblin hits you but does no damage. The orc hits you with a flail.
* * * LOW HITPOINT WARNING * * *
The goblin hits you but does no damage.
It was a potion of degeneration.
There was something very wrong with that liquid.
You feel weakened.
You feel dopey.
You feel clumsy.
Robin roars a battlecry!
The goblins go into a battle-frenzy!
A goblin comes into view.
The goblin hits you but does no damage.
The orc hits you from afar with a trident.
* * * LOW HITPOINT WARNING * * *
You hear a shout! x2
It was a potion of flight.
You feel very buoyant.
You fly up into the air.
The goblin hits you with a club.
You die...

#.# #.#
#)# #.#
#.# #.#
#.#
#.###g#


#ooo@g# #go#### .g.g g### You could see Robin, an orc priest, an orc wizard, 2
orcs, 2 hobgoblins and 3 goblins.

Vanquished Creatures
  Jessica (D:2)
  Terence (D:2)
  2 dart slugs
  3 leopard geckos
  An orc (D:2)
  3 bats (D:1)
  A giant cockroach (D:1)
  A goblin (D:2)
  3 hobgoblins
  5 jackals
  3 kobolds
  A quokka (D:1)
  6 frilled lizards
  A rat (D:1)
32 creatures vanquished.

Vanquished Creatures (collateral kills)
  A frilled lizard (D:1)
1 creature vanquished.

Grand Total: 33 creatures vanquished

Notes
Turn   | Place    | Note
-------+----------+-------------------------------------------
     0 | D:1      | kae the Demonspawn Transmuter began the quest for the Orb.
     0 | D:1      | Reached XP level 1. HP: 15/15 MP: 3/3
   155 | D:1      | Gained mutation: You are immune to rotting. [demonic ancestry]
   155 | D:1      | Reached XP level 2. HP: 20/21 MP: 3/5
   165 | D:1      | Learned a level 2 spell: Sticks to Snakes
   302 | D:1      | Reached skill level 3 in Unarmed Combat
   901 | D:2      | Noticed Terence
  1014 | D:2      | Reached XP level 3. HP: 20/26 MP: 4/6
  1019 | D:2      | Learned a level 3 spell: Spider Form
  1092 | D:2      | Killed Terence
  1124 | D:2      | Noticed Jessica
  1135 | D:2      | Killed Jessica
  1135 | D:2      | Gained mutation: You have sharp fingernails. [demonic ancestry]
  1135 | D:2      | Reached XP level 4. HP: 31/33 MP: 2/7
  1379 | D:2      | Noticed Robin
  1385 | D:2      | HP: 1/33 [orc/trident (4)]
  1386 | D:2      | Slain by a goblin

Vault maps used:
D:1:      kennysheep_arrival_seaside, minmay_tetromino_s2
D:2:      uniq_terence, uniq_jessica, uniq_robin

Skill      XL: |  1  2 |
---------------+-------+-----
Transmutations | 2 |  2.7
Unarmed Combat | 3 |  3.4
Fighting       | |  1.8
Armour         | |  0.6
Dodging        | |  1.7
Spellcasting   | |  2.4

Action                   |  1- 3 |  4- 6 || total
-------------------------+-------+-------++-------
Melee: Unarmed           |    73 |    28 ||   101
       Kick              |     4 |       ||     4
       Headbutt          |     1 |       ||     1
 Cast: Beastly Appendage |     5 |       ||     5
       Sticks to Snakes  |     1 |       ||     1
       Spider Form       |     2 |       ||     2
  Use: Potion            |       |     3 ||     3
  Eat: Chunk             |     1 |     1 ||     2
Armor: Robe              |     9 |       ||     9
       Leather armour    |     1 |       ||     1
       Chain mail        |       |    25 ||    25
Dodge: Dodged            |    50 |     6 ||    56

Table legend:
 A = Spawn XP
 B = Non-spawn XP
 C = Spawn XP percentage of total XP
 D = Spawn monster count
 E = Non-spawn monster count
 F = Spawn count percentage of total count
 G = Total turns spent on level
                    A         B        C        D         E        F      G
               +---------+---------+-------+---------+---------+-------+---------
         Total |       0 |     128 |   0.0 |       0 |      33 |   0.0 |  1386
               +---------+---------+-------+---------+---------+-------+---------
           D:1 |       0 |      32 |   0.0 |       0 |      18 |   0.0 |   958
           D:2 |       0 |      96 |   0.0 |       0 |      15 |   0.0 |   428
               +---------+---------+-------+---------+---------+-------+---------
